 Dungeon Sprint DCSS version 0.21-a0-358-g8928369 (webtiles) character file.

268 IWILLDERPYOU the Cruncher (level 6, 0/40 HPs)
             Began as a Gargoyle Gladiator on Oct 12, 2017.
             Was a Believer of Makhleb.
             Slain by a troll (1 damage)
             ... in the Dungeon (Sprint IX: "|||||||||||||||||||||||||||||").
             The game lasted 00:01:43 (186 turns).

IWILLDERPYOU the Cruncher (Gargoyle Gladiator)       Turns: 186, Time: 00:01:43

Health: 0/40       AC: 21    Str: 20    XL:     6   Next: 21%
Magic:  6/6        EV: 13    Int: 14    God:    Makhleb [**....]
Gold:   0          SH:  0    Dex: 11    Spells: 5/5 levels left

rFire    . . .     SeeInvis .   q - +2 halberd (protect)
rCold    . . .     Gourm    .   (shield currently unavailable)
rNeg     + . .     Faith    .   s - +2 ring mail
rPois    ∞         Spirit   .   c - +0 helmet
rElec    +         Reflect  .   (no cloak)
rCorr    .         Harm     .   (no gloves)
MR       .....     NoTele   +   r - +0 pair of boots
Stlth    +.........             (no amulet)
HPRegen  0.13/turn              u - +3 ring of intelligence
MPRegen  0.10/turn              t - +3 ring of intelligence

@: protection aura
A: negative energy resistance 1, electricity resistance, unbreathing,
petrification resistance, rot immunity, AC +4
a: Minor Destruction, Renounce Religion


You were in the Dungeon.
You worshipped Makhleb.
Makhleb was pleased with you.
You were not hungry.

You visited 1 branch

Inventory:

Hand Weapons
 q - a +2 halberd of protection (weapon)
Missiles
 d - 3 throwing nets (quivered)
Armour
 a - a +0 helmet
 b - a +0 leather armour
 c - a +0 helmet (worn)
 r - a +0 pair of boots (worn)
 s - a +2 ring mail (worn)
Magical Staves
 p - an uncursed staff of energy
Jewellery
 t - a +3 ring of intelligence (right hand)
 u - a +3 ring of intelligence (left hand)
Wands
 o - a wand of lightning (7/15)
Scrolls
 k - 2 scrolls of blinking
 m - 3 scrolls of remove curse
 n - 2 scrolls of amnesia
Potions
 e - 5 potions of curing
 g - 3 potions of heal wounds
 h - a potion of haste
 i - 4 potions of magic
 j - a potion of berserk rage
 l - a potion of invisibility
Comestibles
 f - a bread ration


   Skills:
 + Level 5.2 Fighting
 + Level 3.5(6.4) Polearms
 + Level 9.2(9.5) Staves
 + Level 2.8 Throwing
 + Level 2.5 Armour
 + Level 5.2 Dodging


You had 5 spell levels left.
You didn't know any spells.

Dungeon Overview and Level Annotations

Branches:
Dungeon (1/1)

Altars:
Cheibriados
Dithmenos
Elyvilon
Fedhas
Gozag
Hepliaklqana
Kikubaaqudgha
Makhleb
Nemelex Xobeh
Okawaru
Qazlal
Ru
Sif Muna
Trog
Uskayaw
Vehumet
Wu Jian
Xom
Yredelemnul
Zin
The Shining One
Beogh
Jiyva
Lugonu


Innate Abilities, Weirdness & Mutations

You are resistant to torment.
Your stone body is resilient. (AC +4)
You are immune to poison.
You resist negative energy. (rN+)
You are resistant to electric shocks. (rElec)
You can survive without breathing.
You are immune to petrification.
You are immune to rotting.


Message History

The iguana closely misses you.
You slash the iguana!
You kill the iguana!
Makhleb accepts your kill.
You hit the troll.
The troll is lightly wounded.
The troll bites you but does no damage. The troll claws you!
The troll claws you. The troll bites you! The troll claws you.
The troll claws you but does no damage.
You barely miss the troll.
The troll is lightly wounded.
The troll bites you!
* * * LOW HITPOINT WARNING * * *
The troll claws you but does no damage. x2
You barely miss the troll.
The troll is lightly wounded.
The troll closely misses you. The troll claws you.
* * * LOW HITPOINT WARNING * * *
The troll claws you.
You die... ▓▓▓▓▓▓▓▓▓▓▓▓▓▓▓▓▓▓▓▓▓▓▓▓ ..J5HZT@.....).....)...' ▓▓▓▓▓▓▓▓▓▓▓▓▓▓▓▓▓▓▓▓▓▓▓▓

You could see a manticore, a troll, a jelly, a crimson imp and a quokka zombie.

Vanquished Creatures
  A sky beast (D)
  A scorpion (D)
  A hound (D)
  An orc wizard (D)
  A worker ant (D)
  An iguana (D)
  A shadow imp (D)
  A leopard gecko (D)
  A bat (D)
  A bat zombie (D)
  A giant cockroach (D)
  A goblin (D)
  A hobgoblin (D)
  A quokka (D)
  A ball python (D)
  A frilled lizard (D)
  A rat (D)
17 creatures vanquished.

Notes
Turn   | Place    | Note
-------+----------+-------------------------------------------
     0 | D        | IWILLDERPYOU the Gargoyle Gladiator began the quest for the Orb.
     0 | D        | Reached XP level 1. HP: 12/12 MP: 1/1
    15 | D        | Reached skill level 4 in Staves
    51 | D        | Noticed a worker ant
    66 | D        | Killed a worker ant
    66 | D        | Reached skill level 5 in Staves
    66 | D        | Reached XP level 2. HP: 13/18 MP: 2/2
    66 | D        | Reached XP level 3. HP: 16/22 MP: 3/3
    78 | D        | Found a roughly hewn altar of Beogh.
    78 | D        | Found a snail-covered altar of Cheibriados.
    78 | D        | Found a shadowy altar of Dithmenos.
    78 | D        | Found a white marble altar of Elyvilon.
    78 | D        | Found a blossoming altar of Fedhas.
    78 | D        | Found an opulent altar of Gozag.
    79 | D        | Found a hazy altar of Hepliaklqana.
    80 | D        | Found a viscous altar of Jiyva.
    81 | D        | Found an ancient bone altar of Kikubaaqudgha.
    82 | D        | Found a corrupted altar of Lugonu.
    83 | D        | Found a burning altar of Makhleb.
    84 | D        | Found a sparkling altar of Nemelex Xobeh.
    85 | D        | Found an iron altar of Okawaru.
    86 | D        | Found a stormy altar of Qazlal.
    87 | D        | Found a sacrificial altar of Ru.
    88 | D        | Found a deep blue altar of Sif Muna.
    89 | D        | Found a bloodstained altar of Trog.
    90 | D        | Found a hide-covered altar of Uskayaw.
    91 | D        | Became a worshipper of Makhleb the Destroyer
    92 | D        | Found a radiant altar of Vehumet.
    93 | D        | Found an ornate altar of the Wu Jian Council.
    94 | D        | Found a shimmering altar of Xom.
    95 | D        | Found a basalt altar of Yredelemnul.
    96 | D        | Found a glowing silver altar of Zin.
    97 | D        | Found a glowing golden altar of the Shining One.
   145 | D        | Noticed a scorpion
   145 | D        | Noticed a sky beast
   148 | D        | Reached skill level 6 in Staves
   148 | D        | Reached skill level 1 in Armour
   148 | D        | Reached XP level 4. HP: 27/28 MP: 4/4
   155 | D        | Killed a sky beast
   155 | D        | Reached skill level 8 in Staves
   155 | D        | Reached XP level 5. HP: 34/34 MP: 5/5
   160 | D        | Reached * piety under Makhleb
   162 | D        | Reached skill level 5 in Dodging
   169 | D        | Reached skill level 5 in Fighting
   169 | D        | Reached XP level 6. HP: 40/40 MP: 6/6
   171 | D        | Reached ** piety under Makhleb
   171 | D        | Reached skill level 9 in Staves
   179 | D        | Noticed a manticore
   179 | D        | Noticed a troll
   186 | D        | HP: 1/40 [troll (6)]
   186 | D        | Slain by a troll

Vault maps used:
D:        linesprint

Skill      XL: |  1  2  3  4  5  6 |
---------------+-------------------+-----
Staves         | 5 6 8 9 |  9.2
Throwing       | 2 |  2.8
Dodging        | 3 4 5 |  5.2
Fighting       | 3 4 5 |  5.2
Armour         | 1 2 |  2.5
Polearms       | 2 3 |  3.5

Action                   |  1- 3 |  4- 6 || total
-------------------------+-------+-------++-------
Melee: Quarterstaff      |    37 |       ||    37
       Halberd           |     3 |    30 ||    33
Armor: Leather armour    |    10 |       ||    10
       Ring mail         |     2 |    22 ||    24
Dodge: Dodged            |    27 |    22 ||    49

Table legend:
 A = Spawn XP
 B = Non-spawn XP
 C = Spawn XP percentage of total XP
 D = Spawn monster count
 E = Non-spawn monster count
 F = Spawn count percentage of total count
 G = Total turns spent on level
                    A         B        C        D         E        F      G
               +---------+---------+-------+---------+---------+-------+---------
         Total |       0 |     383 |   0.0 |       0 |      17 |   0.0 |   186
               +---------+---------+-------+---------+---------+-------+---------
             D |       0 |     383 |   0.0 |       0 |      17 |   0.0 |   186
               +---------+---------+-------+---------+---------+-------+---------
